 Dungeon Crawl Stone Soup version 0.31.0-11-ge490571c62 (webtiles) character file.

Game seed: 1251066366713969920

199 Gadfly the Insei (level 5, -1/43 HPs)
             Began as a Demonspawn Monk on Feb 1, 2024.
             Was a Believer of Nemelex Xobeh.
             Slain by jestert79's ghost (3 damage)
             ... on level 3 of the Dungeon.
             The game lasted 00:05:08 (2711 turns).

Gadfly the Insei (Demonspawn Monk)                  Turns: 2711, Time: 00:05:09

Health: -1/43      AC:  6    Str: 13    XL:     5   Next: 48%
Magic:  0/7        EV: 13    Int: 11    God:    Nemelex Xobeh [**....]
Gold:   129        SH:  0    Dex: 15    Spells: 4/4 levels left

rFire   . .          .
                       - Unarmed
rCold   . . .        c - orb {light}
rNeg    . . .        a - +0 robe
rPois   +            f - +1 helmet
rElec   .            (no cloak)
rCorr   .            (no gloves)
SInv    .            (no boots)
Will    .....        d - amulet of guardian spirit
Stlth   +            g - ring of poison resistance
HPRegen 0.27/turn    (no ring)
MPRegen 0.10/turn

%: guardian spirit
@: glowing
A: rugged brown scales 2
a: Renounce Religion, Draw Escape, Draw Destruction, Draw Summoning


You were on level 3 of the Dungeon.
You worshipped Nemelex Xobeh.
Nemelex Xobeh was pleased with you.
You visited 1 branch of the dungeon, and saw 3 of its levels.

You collected 129 gold pieces.

Inventory:

Hand Weapons
 b - a +0 short sword of flaming
Armour
 a - a +0 robe (worn)
 c - an orb of light (worn)
 f - a +1 helmet (worn)
 j - +0 acid dragon scales
Jewellery
 d - an amulet of guardian spirit (around neck)
 g - a ring of poison resistance (left hand)
Wands
 h - a wand of paralysis (3)
Scrolls
 k - a scroll of identify
 m - a scroll of teleportation
 n - 3 scrolls of fog
Potions
 e - 3 potions of curing
 i - a potion of ambrosia
 l - a potion of enlightenment
 o - a potion of might {unknown}


   Skills:
 - Level 3.0 Fighting
 + Level 3.1 Dodging
 * Level 3.7 Unarmed Combat
 * Level 2.9 Invocations
 * Level 2.1 Evocations
 * Level 1.7 Shapeshifting


You had 4 spell levels left.
You didn't know any spells.
Your spell library contained the following spells:

 Spells                   Type           Power      Damage    Failure   Level
 Kiss of Death            Conj/Necr      0%         2d5       34%         1
 Call Imp                 Summ           0%         N/A       47%         2
 Lesser Beckoning         Tloc           0%         N/A       47%         2
 Sublimation of Blood     Necr           0%         N/A       47%         2
 Confusing Touch          Hex            0%         N/A       71%         3
 Gell's Gravitas          Tloc           0%         N/A       71%         3
 Teleport Other           Tloc           0%         N/A       71%         3
 Dispel Undead            Necr           0%         3d6       98%         4
 Summon Hydra             Summ           0%         N/A       100%        7


Dungeon Overview and Level Annotations

Branches:
Dungeon (3/15)

Altars:
Nemelex Xobeh

Annotations:
D:3 jestert79's ghost, amateur DrIE


Innate Abilities, Weirdness & Mutations

You are mostly covered in rugged brown scales. (AC +2, +5% HP)


Message History

Jestert79's ghost completely misses you.
You hit jestert79's ghost but do no damage.
Jestert79's ghost is moderately damaged.
Jestert79's ghost hits you.
You hit jestert79's ghost but do no damage.
Jestert79's ghost is moderately damaged.
Jestert79's ghost misses you.
You hit jestert79's ghost but do no damage.
Jestert79's ghost is moderately damaged.
Jestert79's ghost hits you but does no damage.
You closely miss jestert79's ghost.
Jestert79's ghost is moderately damaged.
Jestert79's ghost misses you.
You hit jestert79's ghost but do no damage.
Jestert79's ghost is moderately damaged.
Jestert79's ghost misses you.
You hit jestert79's ghost but do no damage.
Jestert79's ghost is moderately damaged.
Jestert79's ghost hits you but does no damage.
You closely miss jestert79's ghost.
Jestert79's ghost is moderately damaged.
Jestert79's ghost misses you.
You barely miss jestert79's ghost.
Jestert79's ghost is moderately damaged.
Jestert79's ghost freezes you.
You are frozen!
You hit jestert79's ghost but do no damage.
Jestert79's ghost is moderately damaged.
Jestert79's ghost hits you.
* * * LOW HITPOINT WARNING * * *
You hit jestert79's ghost but do no damage.
Jestert79's ghost is moderately damaged.
Jestert79's ghost freezes you.
You are frozen!
* * * LOW HITPOINT WARNING * * *
You hit jestert79's ghost.
Jestert79's ghost is heavily damaged.
Jestert79's ghost hits you.
You die...
Your body glows with a rainbow of weird colours and disappears.

..###### #.##....#.........#..#..
....# #.##.##.#.###.###.#.....
....### #.##.##.#.###.........>.
.....<# #.##.##.#)#.............
....######.##.##.#.#.............
....# #........#.................
....# #.##........)..............
....###'##.......................
................@................
###...........##W##..............
#...........#.~.##.............
#...........#.~.##.....######.#
#####.##....#.≈.######## #.#
#.##.####.~.# #.# #.##.# #.!.#
#.# #.##.# ##### #.# #.##.#####.#
#.#


You could see jestert79's ghost.

Vanquished Creatures
  A phantom (D:3)
  2 adders (D:3)
  3 ribbon worms
  4 dart slugs
  6 orcs (D:3)
  4 endoplasms
  5 giant cockroaches
  6 goblins
  7 hobgoblins
  7 jackals
  8 kobolds
  2 quokkas
  10 ball pythons
  6 bats
  3 frilled lizards
  4 rats
78 creatures vanquished.

Notes
Turn   | Place    | Note
-------+----------+-------------------------------------------
     0 | D:1      | Gadfly the Demonspawn Monk began the quest for the Orb.
     0 | D:1      | Reached XP level 1. HP: 18/18 MP: 1/1
   120 | D:1      | Gained mutation: You are partially covered in rugged brown
                  | scales. (AC +1, +3% HP) [demonic ancestry]
   120 | D:1      | Reached XP level 2. HP: 18/24 MP: 2/2
   216 | D:1      | Reached skill level 1 in Invocations
   373 | D:1      | Found a faded altar of an unknown god.
   379 | D:1      | Reached skill level 1 in Evocations
   534 | D:1      | Reached XP level 3. HP: 29/29 MP: 3/3
   995 | D:2      | Reached skill level 1 in Shapeshifting
  1541 | D:3      | Reached XP level 4. HP: 36/36 MP: 5/5
  1544 | D:3      | Found a sparkling altar of Nemelex Xobeh.
  1549 | D:3      | Became a worshipper of Nemelex Xobeh the Trickster
  1549 | D:3      | Reached * piety under Nemelex Xobeh
  1549 | D:3      | Received a gift from Nemelex Xobeh
  1549 | D:3      | Received a gift from Nemelex Xobeh
  1549 | D:3      | Reached ** piety under Nemelex Xobeh
  1643 | D:3      | Found a runed translucent door.
  1690 | D:3      | Noticed jestert79's ghost (amateur DrIE)
  1735 | D:3      | Noticed a phantom
  1758 | D:3      | Killed a phantom
  1759 | D:3      | Gained mutation: You are mostly covered in rugged brown
                  | scales. (AC +2, +5% HP) [demonic ancestry]
  1759 | D:3      | Reached XP level 5. HP: 5/43 MP: 1/7
  2625 | D:3      | Received a gift from Nemelex Xobeh
  2710 | D:3      | HP: 2/43 [frozen (10)]
  2711 | D:3      | Slain by jestert79's ghost

Illustrated notes

Levels and vault maps discovered:
D:1:      dpeg_arrival_solitude, layout_loops_ring,
          ebering_ecumenical_altar_abandoned, hangedman_decor_riveting
D:2:      layout_basic
D:3:      layout_basic, marbit_many_paths, ebering_ghost_reflecting_pool,
          kennysheep_flooded_box

Skill      XL: |  1  2  3  4 |
---------------+-------------+-----
Invocations    | 1 2 |  2.9
Evocations     | 1 2 |  2.1
Unarmed Combat | 3 |  3.7
Shapeshifting  | 1 |  1.7
Dodging        | 3 |  3.1
Fighting       | |  3.0

Action                     |  1- 3 |  4- 6 || total
---------------------------+-------+-------++-------
  Melee: Unarmed           |   155 |   151 ||   306
 Invoke: Draw Destruction  |       |     4 ||     4
         Draw Escape       |       |     1 ||     1
  Evoke: Wand              |       |     3 ||     3
    Use: Scroll            |     5 |     1 ||     6
   Stab: Paralysed         |       |    16 ||    16
 Armour: Robe              |    76 |    92 ||   168
  Dodge: Dodged            |   108 |   103 ||   211
